AoeStats
← koray

Yucatan

510801803Analyzed
3v3 RM · 18h ago on Oct 2, 2026· 66m 50s· 6 players
Game mode
Random Map
Map size
Normal (6 player)
Population
200
Speed
Normal
Resources
Standard
Victory
Conquest
Starting age
Dark Age
Ending age
Imperial Age
RankedLock teamsTeams togetherTeam positionsShared explorationLock speedFull tech treeHidden civsTurbo modeCheats
Victory
Defeat
🇹🇷 Burmese · Türkiye
1071
+14
🇹🇷 Vikings · Türkiye
1038
+16
🇹🇷 Ethiopians · Türkiye
846
+24
🇱🇺 Britons · Luxembourg
1055
-19
🇺🇸 Saxons · United States
1032
-18
🇪🇨 Mongols · Ecuador
999
-17
Badungster
11:14 Feudal Age
11:08 Loom
13:15 Double-Bit Axe
19:03 Castle Age
18:31 Horse Collar
20:18 Gold Mining
20:20 Stone Mining
21:52 Bow Saw
23:58 Gold Shaft Mining
25:36 Husbandry
25:59 Forging
26:49 Scale Barding Armor
30:04 Fletching
33:06 Imperial Age
32:46 Squires
32:42 Town Watch
33:38 Heavy Plow
34:40 Iron Casting
33:56 Pikeman
35:16 Conscription
36:18 Halberdier
37:16 Scale Mail Armor
37:10 Gambesons
38:24 Wheelbarrow
38:46 Arson
42:43 Two-Man Saw
42:29 Chain Mail Armor
45:22 Cavalier
IvanWintergreen
11:04 Feudal Age
16:28 Castle Age
14:51 Double-Bit Axe
14:49 Horse Collar
18:07 Wheelbarrow
18:58 Bow Saw
18:52 Heavy Plow
20:46 Hand Cart
22:06 Stone Mining
23:53 Fletching
24:04 Padded Archer Armor
25:34 Crossbowman
27:25 Bodkin Arrow
29:43 Gold Mining
33:18 Imperial Age
34:11 Arbalester
34:57 Thumb Ring
35:03 Bracer
35:19 Leather Archer Armor
36:15 Town Watch
36:59 Conscription
41:28 Ballistics
42:09 Chemistry
41:27 Scale Mail Armor
41:37 Forging
42:36 Chain Mail Armor
43:56 Elite Varangian Guard
44:38 Squires
45:48 Iron Casting
45:43 Plate Mail Armor
55:41 Gambesons
55:17 Man-at-Arms
SIR LOOR FAAL
10:45 Feudal Age
14:54 Castle Age
12:55 Double-Bit Axe
16:04 Forging
25:59 Iron Casting
29:27 Scale Barding Armor
29:26 Husbandry
29:38 Bloodlines
38:31 Imperial Age
39:17 Horse Collar
39:35 Gold Mining
41:19 Pikeman
46:52 Blast Furnace
46:13 Chain Barding Armor
47:26 Chemistry
49:09 Heavy Scorpion
50:46 Fortified Wall
vantilatör
6:07 Loom
9:51 Feudal Age
17:26 Castle Age
22:47 Fletching
23:30 Bodkin Arrow
33:09 Elite Skirmisher
34:03 Padded Archer Armor
35:51 Thumb Ring
35:49 Squires
35:34 Arson
36:08 Leather Archer Armor
36:05 Forging
35:56 Scale Mail Armor
44:16 Horse Collar
44:26 Double-Bit Axe
47:34 Ballistics
48:26 Heavy Plow
48:54 Bow Saw
53:13 Imperial Age
53:37 Forging
54:19 Conscription
55:16 Chemistry
54:49 Bracer
55:21 Ring Archer Armor
57:41 Iron Casting
63:07 Torsion Engines
63:08 Royal Heirs
62:32 Crossbowman
koray
9:16 Loom
11:05 Feudal Age
15:13 Castle Age
13:24 Horse Collar
16:56 Wheelbarrow
18:36 Wheelbarrow
19:04 Wheelbarrow
25:08 Scale Barding Armor
32:23 Imperial Age
30:37 Forging
31:48 Chain Barding Armor
32:04 Iron Casting
31:43 Bloodlines
31:44 Fletching
33:14 Manipur Cavalry
34:46 Plate Barding Armor
34:16 Bodkin Arrow
34:53 Husbandry
36:46 Blast Furnace
36:24 Conscription
37:43 Bracer
39:16 Padded Archer Armor
39:39 Ballistics
40:19 Chemistry
39:30 Masonry
38:50 Elite Skirmisher
39:21 Cavalier
40:51 Fortified Wall
40:23 Treadmill Crane
45:02 Parthian Tactics
43:58 Heavy Cavalry Archer
47:38 Architecture
47:45 Howdah
47:12 Elite Battle Elephant
63:38 Block Printing
Gusad1nh0
11:14 Feudal Age
15:06 Castle Age
13:09 Double-Bit Axe
16:16 Bow Saw
17:44 Horse Collar
21:01 Town Watch
21:04 Loom
22:48 Pikeman
25:37 Heavy Plow
25:58 Gold Mining
25:59 Stone Mining
27:10 Squires
30:16 Imperial Age
29:22 Gold Shaft Mining
29:38 Scale Mail Armor
30:27 Forging
32:01 Chain Mail Armor
31:36 Treadmill Crane
33:14 Plate Mail Armor
33:57 Conscription
34:37 Iron Casting
36:19 Blast Furnace
35:34 Fletching
35:51 Chieftains
36:42 Elite Berserk
38:07 Bodkin Arrow
38:42 Ballistics
39:22 Chemistry
41:20 Bogsveigar
40:57 Elite Skirmisher
42:55 Two-Man Saw
43:44 Siege Engineers
45:11 Arson
45:28 Bracer
46:47 Padded Archer Armor
48:39 Elite Varangian Guard
58:13 Light Cavalry
58:17 Cavalier
59:06 Scale Barding Armor
59:52 Spies/Treason
Connection lost

Rejoining the realm…

Still unreachable

The connection could not be restored.

Session expired

The server has moved on; the page needs a fresh start.